TOP OF THE 1ST |
Colorado Billy Goats batting - Pitching for San Mateo Dirty Reds : RHP Anastasio Cabanillas Jr.
|
Pitching: RHP Anastasio Cabanillas Jr.
|
|
Batting: LHB David de Meij
|
0-0: Ball 1-0: Foul Ball, location: 2F 1-1: Called Strike 1-2: Foul Ball, location: 2F 1-2: Ball 2-2: SINGLE (Line Drive, 7S, EV 87.5 MPH)
|
Batting: LHB Tim Gonzáles
|
0-0: Ball David de Meij is caught stealing 2nd base 2-6 1-0: Fly out, F7 (Flyball, 7D, EV 105.0 MPH)
|
Batting: LHB Ricardo Yates
|
0-0: Called Strike 0-1: Swinging Strike 0-2: Ball 1-2: Foul Ball, location: 2F 1-2: SOLO HOME RUN (Flyball, 7D, EV 97.5 MPH), Distance : 362 ft
|
Batting: LHB Obidiah Lewis
|
0-0: Ball 1-0: DOUBLE (Line Drive, 89XD, EV 109.4 MPH)
|
Batting: LHB Ken Norris
|
0-0: Ball 1-0: Ball 2-0: Ball 3-0: Called Strike 3-1: Foul Ball, location: 2F 3-2: Foul Ball, location: 2F 3-2: SINGLE (Groundball, 4MD, EV 106.9 MPH) Obidiah Lewis to third Obidiah Lewis scores
|
Batting: SHB Raoul de Gilde
|
0-0: Ball Wild Pitch! Ken Norris to second 1-0: Foul Ball, location: 2F 1-1: Swinging Strike 1-2: Foul Ball, location: 2F 1-2: Foul Ball, location: 2F 1-2: Ball 2-2: Strikes out swinging
|
Top of the 1st over - 2 runs, 4 hits, 0 errors, 1 left on base; Colorado 2 - San Mateo 0 |
BOTTOM OF THE 1ST |
San Mateo Dirty Reds batting - Pitching for Colorado Billy Goats : LHP Zalontae Hillary
|
Pitching: LHP Zalontae Hillary
|
|
Batting: RHB Jesús Gómez
|
0-0: Ball 1-0: DOUBLE (Line Drive, 3D, EV 108.1 MPH)
|
Batting: RHB Kawenaula Alohalani
|
0-0: SINGLE (Groundball, 56D, EV 110.0 MPH) Jesús Gómez to third Runner from 3rd tries for Home, SAFE, no throw by LF
|
Batting: RHB Paul Tate
|
0-0: Ball 1-0: DOUBLE (Flyball, 89XD, EV 97.5 MPH) Kawenaula Alohalani to third Runner from 3rd tries for Home, SAFE, throw by CF to home
|
Batting: RHB Zahid Kashani
|
0-0: Called Strike 0-1: Called Strike 0-2: Ball 1-2: Strikes out swinging
|
Batting: RHB Kyu-cheol Kye
|
0-0: Ball 1-0: Called Strike 1-1: Swinging Strike 1-2: Ball 2-2: Foul Ball, location: 2F 2-2: Foul Ball, location: 2F 2-2: Foul Ball, location: 2F 2-2: SINGLE (Line Drive, 5D, EV 96.9 MPH) Paul Tate to third Runner from 3rd tries for Home, SAFE, throw by LF to home
|
Batting: RHB Yaakov Shmerkin
|
0-0: Called Strike 0-1: Fielders Choice at 2nd, 1-6 (Groundball, 13S, EV 73.1 MPH)
|
Batting: LHB Quitério Ruah
|
0-0: Called Strike 0-1: SINGLE (Groundball, 4MD, EV 98.1 MPH) Yaakov Shmerkin to second Runner from 2nd tries for 3rd, SAFE, no throw by CF
|
Batting: RHB Silvian Burger
|
0-0: Ball 1-0: Called Strike 1-1: Fielders Choice at 2nd, 6-4 (Groundball, 6, EV 85.6 MPH)
|
Bottom of the 1st over - 3 runs, 5 hits, 0 errors, 2 left on base; Colorado 2 - San Mateo 3 |
TOP OF THE 2ND |
Colorado Billy Goats batting - Pitching for San Mateo Dirty Reds : RHP Anastasio Cabanillas Jr.
|
Batting: LHB António Casas
|
0-0: Ball 1-0: Called Strike 1-1: Swinging Strike 1-2: Strikes out swinging
|
Batting: RHB Phil Moore
|
0-0: Foul Ball, location: 2F 0-1: Ball 1-1: Called Strike 1-2: SINGLE (Flyball, 9LS, EV 94.4 MPH)
|
Batting: RHB Luis Rodríguez
|
0-0: Grounds into double play, 4-6-3 (Groundball, 4S, EV 86.9 MPH)
|
Top of the 2nd over - 0 runs, 1 hit, 0 errors, 0 left on base; Colorado 2 - San Mateo 3 |
BOTTOM OF THE 2ND |
San Mateo Dirty Reds batting - Pitching for Colorado Billy Goats : LHP Zalontae Hillary
|
Batting: RHB Jimmy Scott
|
0-0: Ball 1-0: Ball 2-0: SOLO HOME RUN (Flyball, 89XD, EV 105.0 MPH), Distance : 383 ft
|
Batting: RHB Jesús Gómez
|
0-0: Called Strike 0-1: Ball 1-1: Ball 2-1: SINGLE (Groundball, 4MD, EV 98.1 MPH)
|
Batting: RHB Kawenaula Alohalani
|
0-0: Called Strike 0-1: Swinging Strike 0-2: Foul Ball, location: 2F 0-2: Foul Ball, location: 2F 0-2: Foul Ball, location: 2F 0-2: Ball 1-2: Foul Ball, location: 2F 1-2: Strikes out swinging
|
Batting: RHB Paul Tate
|
0-0: Ball 1-0: Ball 2-0: Ball 3-0: Called Strike 3-1: Foul Ball, location: 2F 3-2: SINGLE (Flyball, 89M, EV 91.2 MPH) Jesús Gómez to second Runner from 2nd tries for 3rd, SAFE, throw by RF made to third
|
Batting: RHB Zahid Kashani
|
0-0: Fielders Choice at 2nd, 1-6 (Groundball, 13S, EV 65.0 MPH)
|
Batting: RHB Kyu-cheol Kye
|
0-0: Ball 1-0: Fly out, F3 (Popup, 23F, EV 78.8 MPH)
|
Bottom of the 2nd over - 1 run, 3 hits, 0 errors, 2 left on base; Colorado 2 - San Mateo 4 |
TOP OF THE 3RD |
Colorado Billy Goats batting - Pitching for San Mateo Dirty Reds : RHP Anastasio Cabanillas Jr.
|
Batting: LHB David de Meij
|
0-0: Called Strike 0-1: Ball 1-1: Foul Ball, location: 2F 1-2: Strikes out looking
|
Batting: LHB Tim Gonzáles
|
0-0: SINGLE (Flyball, 9S, EV 89.4 MPH)
|
Batting: LHB Ricardo Yates
|
0-0: Fly out, F9 (Line Drive, 9, EV 89.4 MPH)
|
Batting: LHB Obidiah Lewis
|
0-0: Ball 1-0: Called Strike 1-1: Fly out, F9 (Flyball, 9, EV 73.1 MPH)
|
Top of the 3rd over - 0 runs, 1 hit, 0 errors, 1 left on base; Colorado 2 - San Mateo 4 |
BOTTOM OF THE 3RD |
San Mateo Dirty Reds batting - Pitching for Colorado Billy Goats : LHP Zalontae Hillary
|
Batting: RHB Yaakov Shmerkin
|
0-0: Called Strike 0-1: Ground out 6-3 (Groundball, 6, EV 95.6 MPH)
|
Batting: LHB Quitério Ruah
|
0-0: Ball 1-0: SINGLE (Line Drive, 8RS, EV 112.5 MPH)
|
Batting: RHB Silvian Burger
|
0-0: Called Strike 0-1: Ball 1-1: Ball 2-1: Foul Ball, location: 2F 2-2: Ball 3-2: Base on Balls Quitério Ruah to second
|
Batting: RHB Jimmy Scott
|
0-0: Called Strike 0-1: Ball 1-1: Foul Ball, location: 2F 1-2: Strikes out swinging
|
Batting: RHB Jesús Gómez
|
0-0: Called Strike 0-1: Ball 1-1: Ground out U3 (Groundball, 34, EV 80.6 MPH)
|
Bottom of the 3rd over - 0 runs, 1 hit, 0 errors, 2 left on base; Colorado 2 - San Mateo 4 |
TOP OF THE 4TH |
Colorado Billy Goats batting - Pitching for San Mateo Dirty Reds : RHP Anastasio Cabanillas Jr.
|
Batting: LHB Ken Norris
|
0-0: Fly out, F9 (Flyball, 9LM, EV 111.9 MPH)
|
Batting: SHB Raoul de Gilde
|
0-0: Called Strike 0-1: Ball 1-1: Ball 2-1: Foul Ball, location: 2F 2-2: Strikes out looking
|
Batting: LHB António Casas
|
0-0: Ball 1-0: Ball 2-0: Foul Ball, location: 2F 2-1: Foul Ball, location: 2F 2-2: Foul Ball, location: 2F 2-2: Ground out 4-3 (Groundball, 4, EV 79.4 MPH)
|
Top of the 4th over - 0 runs, 0 hits, 0 errors, 0 left on base; Colorado 2 - San Mateo 4 |
BOTTOM OF THE 4TH |
San Mateo Dirty Reds batting - Pitching for Colorado Billy Goats : LHP Zalontae Hillary
|
Batting: RHB Kawenaula Alohalani
|
0-0: Ball 1-0: Swinging Strike 1-1: Ball 2-1: Swinging Strike 2-2: Ball 3-2: Strikes out swinging
|
Batting: RHB Paul Tate
|
0-0: Foul Ball, location: 2F 0-1: Ball 1-1: Ball 2-1: Ground out 4-3 (Groundball, 4S, EV 86.9 MPH)
|
Batting: RHB Zahid Kashani
|
0-0: Fly out, F7 (Flyball, 78S, EV 92.5 MPH)
|
Bottom of the 4th over - 0 runs, 0 hits, 0 errors, 0 left on base; Colorado 2 - San Mateo 4 |
TOP OF THE 5TH |
Colorado Billy Goats batting - Pitching for San Mateo Dirty Reds : RHP Anastasio Cabanillas Jr.
|
Batting: RHB Phil Moore
|
0-0: Ball 1-0: Swinging Strike 1-1: Ground out 4-3 (Groundball, 4, EV 78.1 MPH)
|
Batting: RHB Luis Rodríguez
|
0-0: Ball 1-0: SINGLE (Groundball, 56D, EV 105.6 MPH)
|
Batting: LHB David de Meij
|
0-0: Fly out, F9 (Flyball, 89D, EV 100.6 MPH)
|
Batting: LHB Tim Gonzáles
|
0-0: Called Strike 0-1: Ball 1-1: Ball 2-1: Ball 3-1: Base on Balls Luis Rodríguez to second
|
Batting: LHB Ricardo Yates
|
0-0: Fielders Choice at 2nd, 5-4 (Groundball, 5L, EV 88.1 MPH)
|
Top of the 5th over - 0 runs, 1 hit, 0 errors, 2 left on base; Colorado 2 - San Mateo 4 |
BOTTOM OF THE 5TH |
San Mateo Dirty Reds batting - Pitching for Colorado Billy Goats : LHP Zalontae Hillary
|
Batting: RHB Kyu-cheol Kye
|
0-0: Ball 1-0: SINGLE (Groundball, 56D, EV 105.6 MPH)
|
Batting: RHB Yaakov Shmerkin
|
0-0: Ball 1-0: Sac Bunt to 25 - play at second, runner OUT! 5-6
|
Batting: LHB Quitério Ruah
|
0-0: SINGLE (Groundball, 34, EV 103.1 MPH) (infield hit) Yaakov Shmerkin to second
|
Batting: RHB Silvian Burger
|
0-0: Called Strike 0-1: Foul Ball, location: 2F 0-2: Foul Ball, location: 2F 0-2: Ball 1-2: Ball 2-2: Foul Ball, location: 2F 2-2: Foul Ball, location: 2F 2-2: SINGLE (Line Drive, 78M, EV 108.1 MPH) Yaakov Shmerkin to third Quitério Ruah to second Runner from 3rd tries for Home, SAFE, no throw by LF
|
Pitching: RHP Butch Cummings
|
|
Batting: RHB Jimmy Scott
|
0-0: Ball 1-0: Swinging Strike 1-1: Swinging Strike 1-2: Foul Ball, location: 2F 1-2: Ball 2-2: Foul Ball, location: 2F 2-2: Ball 3-2: Foul Ball, location: 2F 3-2: Strikes out looking
|
Batting: RHB Jesús Gómez
|
0-0: Called Strike 0-1: Fly out, F9 (Flyball, 9D, EV 86.9 MPH)
|
Bottom of the 5th over - 1 run, 3 hits, 0 errors, 2 left on base; Colorado 2 - San Mateo 5 |
TOP OF THE 6TH |
Colorado Billy Goats batting - Pitching for San Mateo Dirty Reds : RHP Anastasio Cabanillas Jr.
|
Batting: LHB Obidiah Lewis
|
0-0: Called Strike 0-1: Ball 1-1: Ball 2-1: Fly out, F9 (Line Drive, 9, EV 91.9 MPH)
|
Batting: LHB Ken Norris
|
0-0: Ball 1-0: Foul Ball, location: 2F 1-1: Ground out 4-3 (Groundball, 34D, EV 104.4 MPH)
|
Batting: SHB Raoul de Gilde
|
0-0: Ball 1-0: Ball 2-0: Called Strike 2-1: Swinging Strike 2-2: Ball 3-2: Strikes out swinging
|
Top of the 6th over - 0 runs, 0 hits, 0 errors, 0 left on base; Colorado 2 - San Mateo 5 |
BOTTOM OF THE 6TH |
San Mateo Dirty Reds batting - Pitching for Colorado Billy Goats : RHP Butch Cummings
|
Batting: RHB Kawenaula Alohalani
|
0-0: Ball 1-0: Foul Ball, location: 2F 1-1: Ground out 1-3 (Groundball, P, EV 72.5 MPH)
|
Batting: RHB Paul Tate
|
0-0: Foul Ball, location: 2F 0-1: Ball 1-1: Called Strike 1-2: Fly out, F8 (Flyball, 8RD, EV 110.0 MPH)
|
Batting: RHB Zahid Kashani
|
0-0: Called Strike 0-1: Foul Ball, location: 2F 0-2: SOLO HOME RUN (Flyball, 78XD, EV 102.5 MPH) (Inside the Park)
|
Batting: RHB Kyu-cheol Kye
|
0-0: Ball 1-0: Foul Ball, location: 2F 1-1: Ball 2-1: Ball 3-1: Foul Ball, location: 2F 3-2: Base on Balls
|
Batting: RHB Yaakov Shmerkin
|
0-0: Called Strike 0-1: Called Strike 0-2: Strikes out swinging
|
Bottom of the 6th over - 1 run, 1 hit, 0 errors, 1 left on base; Colorado 2 - San Mateo 6 |
TOP OF THE 7TH |
Colorado Billy Goats batting - Pitching for San Mateo Dirty Reds : RHP Anastasio Cabanillas Jr.
|
Batting: LHB António Casas
|
0-0: Fly out, F6 (Flyball, 6D, EV 94.4 MPH)
|
Batting: RHB Phil Moore
|
0-0: Called Strike 0-1: Called Strike 0-2: Foul Ball, location: 2F 0-2: Ball 1-2: Foul Ball, location: 2F 1-2: SINGLE (Groundball, 34, EV 84.4 MPH) (infield hit)
|
Batting: RHB Luis Rodríguez
|
0-0: Called Strike 0-1: Ball 1-1: DOUBLE (Line Drive, 78D, EV 113.8 MPH) Phil Moore to third
|
Batting: LHB David de Meij
|
0-0: Ball 1-0: Called Strike 1-1: Ball 2-1: Ground out 5-3 (Groundball, 5, EV 109.4 MPH)
|
Batting: LHB Tim Gonzáles
|
0-0: Called Strike 0-1: Ball 1-1: Swinging Strike 1-2: Ball Balk! Phil Moore scores Luis Rodríguez to third 2-2: Ball 3-2: Base on Balls
|
Pitching: LHP José Cotilla
|
|
Batting: LHB Ricardo Yates
|
0-0: Called Strike 0-1: Ground out 1-3 (Groundball, P, EV 68.8 MPH)
|
Top of the 7th over - 1 run, 2 hits, 0 errors, 2 left on base; Colorado 3 - San Mateo 6 |
BOTTOM OF THE 7TH |
San Mateo Dirty Reds batting - Pitching for Colorado Billy Goats : RHP Butch Cummings
|
Batting: LHB Quitério Ruah
|
0-0: Foul Ball, location: 2F 0-1: SINGLE (Line Drive, 4D, EV 103.1 MPH)
|
Pitching: LHP Ron Fernández
|
|
Batting: RHB Silvian Burger
|
0-0: Reached on error, E2 (Groundball, 2R, EV 43.8 MPH) Quitério Ruah to third
|
Batting: RHB Jimmy Scott
|
0-0: Ball 1-0: Ball 2-0: Called Strike 2-1: Ball 3-1: TRIPLE (Groundball, 3L, EV 108.8 MPH) Quitério Ruah scores Silvian Burger scores
|
Batting: RHB Jesús Gómez
|
0-0: Ball 1-0: Called Strike 1-1: Ball 2-1: Fly out, F9 (Flyball, 9D, EV 106.2 MPH) Runner from 3rd tags up, SCORES, no throw by RF
|
Batting: RHB Kawenaula Alohalani
|
0-0: Ground out 6-3 (Groundball, 6, EV 78.8 MPH)
|
Batting: RHB Paul Tate
|
0-0: Ball 1-0: Ball 2-0: Foul Ball, location: 2F 2-1: Foul Ball, location: 2F 2-2: Ball 3-2: Fly out, F3 (Popup, 3L, EV 76.2 MPH)
|
Bottom of the 7th over - 3 runs, 2 hits, 1 error, 0 left on base; Colorado 3 - San Mateo 9 |
TOP OF THE 8TH |
Colorado Billy Goats batting - Pitching for San Mateo Dirty Reds : LHP José Cotilla
|
Batting: LHB Obidiah Lewis
|
0-0: Called Strike 0-1: Ball 1-1: Swinging Strike 1-2: Strikes out swinging
|
Batting: LHB Ken Norris
|
0-0: DOUBLE (Line Drive, 78M, EV 91.9 MPH)
|
Batting: SHB Raoul de Gilde
|
0-0: Ball 1-0: Called Strike 1-1: Foul Ball, location: 2F 1-2: Foul Ball, location: 2F 1-2: Strikes out swinging
|
Batting: LHB António Casas
|
0-0: Called Strike 0-1: DOUBLE (Line Drive, 78D, EV 104.4 MPH) Ken Norris scores
|
Pitching: LHP Faisal bin Nabeel
|
|
Batting: RHB Phil Moore
|
0-0: Ball 1-0: Fly out, F7 (Flyball, 7LMF, EV 111.2 MPH)
|
Top of the 8th over - 1 run, 2 hits, 0 errors, 1 left on base; Colorado 4 - San Mateo 9 |
BOTTOM OF THE 8TH |
San Mateo Dirty Reds batting - Pitching for Colorado Billy Goats : LHP Ron Fernández
|
Batting: RHB Zahid Kashani
|
0-0: Fly out, F7 (Flyball, 7S, EV 88.8 MPH)
|
Batting: RHB Kyu-cheol Kye
|
0-0: SOLO HOME RUN (Flyball, 7LD, EV 85.0 MPH), Distance : 329 ft
|
Batting: RHB Yaakov Shmerkin
|
0-0: Ball 1-0: Ball 2-0: Ball 3-0: Base on Balls
|
Batting: LHB Quitério Ruah
|
0-0: Fly out, F9 (Flyball, 89S, EV 86.2 MPH)
|
Batting: RHB Silvian Burger
|
0-0: SINGLE (Line Drive, 7S, EV 92.5 MPH) Yaakov Shmerkin to second
|
Batting: RHB Jimmy Scott
|
0-0: Ball 1-0: Foul Ball, location: 2F 1-1: Foul Ball, location: 2F 1-2: Ball 2-2: Foul Ball, location: 2F 2-2: Strikes out swinging
|
Bottom of the 8th over - 1 run, 2 hits, 0 errors, 2 left on base; Colorado 4 - San Mateo 10 |
TOP OF THE 9TH |
Colorado Billy Goats batting - Pitching for San Mateo Dirty Reds : LHP Faisal bin Nabeel
|
Batting: RHB Luis Rodríguez
|
0-0: Called Strike 0-1: Ball 1-1: Fly out, F9 (Line Drive, 9, EV 91.2 MPH)
|
Batting: LHB David de Meij
|
0-0: Ball 1-0: Called Strike 1-1: Ball 2-1: SINGLE (Line Drive, 34D, EV 98.1 MPH)
|
Batting: LHB Tim Gonzáles
|
0-0: Called Strike 0-1: Ball 1-1: DOUBLE (Line Drive, 9LM, EV 93.8 MPH) David de Meij to third
|
Batting: LHB Ricardo Yates
|
0-0: Called Strike 0-1: Ball 1-1: Ball 2-1: Called Strike 2-2: Fly out, F6 (Flyball, 6MD, EV 85.6 MPH)
|
Batting: LHB Obidiah Lewis
|
0-0: Ball 1-0: Ball 2-0: Foul Ball, location: 2F 2-1: Swinging Strike 2-2: Ball 3-2: Strikes out swinging
|
Top of the 9th over - 0 runs, 2 hits, 0 errors, 2 left on base; Colorado 4 - San Mateo 10 |
|